 Dungeon Crawl Stone Soup version 0.28-a0-925-gd5e1996cdb (webtiles) character file.

Game seed: 14228295434660286410

111 BinkBink the Cudgeller (level 4, 0/41 HPs)
             Began as a Minotaur Monk on Nov 26, 2021.
             Was a Priest of Nemelex Xobeh.
             Slain by a sky beast (5 damage)
             ... on level 3 of the Dungeon.
             The game lasted 00:04:12 (2339 turns).

BinkBink the Cudgeller (Minotaur Monk)              Turns: 2339, Time: 00:04:15

Health: 0/41       AC:  5    Str: 16    XL:     4   Next: 62%
Magic:  3/3        EV: 12    Int:  7    God:    Nemelex Xobeh [***...]
Gold:   69         SH:  0    Dex: 13    Spells: 3/3 levels left

rFire   . . .      SeeInvis .   a - +0 mace
rCold   . . .      Faith    .   (no shield)
rNeg    . . .      Spirit   .   d - +0 ring mail
rPois   .          Reflect  .   (helmet restricted)
rElec   .          Harm     .   (no cloak)
rCorr   .          Rampage  .   (no gloves)
Will    .....                   (no boots)
Stlth   +.........              c - amulet of the acrobat
HPRegen 0.13/turn               (no ring)
MPRegen 0.08/turn               (no ring)

@: no status effects
A: horns 2, retaliatory headbutt
a: Renounce Religion, Draw Escape, Draw Destruction, Draw Summoning, Triple Draw


You were on level 3 of the Dungeon.
You worshipped Nemelex Xobeh.
Nemelex Xobeh was most pleased with you.
You visited 1 branch of the dungeon, and saw 3 of its levels.

You collected 69 gold pieces.

Inventory:

Hand Weapons
 a - a +0 mace (weapon)
Armour
 d - a +0 ring mail (worn)
Jewellery
 c - an amulet of the acrobat (around neck)
 j - a ring of positive energy
Scrolls
 f - a scroll of vulnerability {unknown}
 g - 2 scrolls of identify {unknown}
 k - a scroll of torment {unknown}
Potions
 b - a potion of cancellation {unknown}
 e - a potion of curing
 h - a potion of brilliance {unknown}
 i - a potion of invisibility {unknown}


   Skills:
 + Level 4.4 Fighting
 + Level 4.6 Maces & Flails
 * Level 2.7 Armour
 + Level 3.9 Dodging
 - Level 1.5 Stealth


You had 3 spell levels left.
You didn't know any spells.
Your spell library was empty.

Dungeon Overview and Level Annotations

Branches:
Dungeon (3/15)

Altars:
Nemelex Xobeh
Vehumet


Innate Abilities, Weirdness & Mutations

You have a pair of horns on your head.
You reflexively headbutt those who attack you in melee.


Message History

No target in view!
No target in view!
There is a strange disturbance nearby!
No target in view!
You barely miss something. Your headbutt misses something.
A sky beast appears from thin air!
Reactivating autopickup.
The sky beast misses you.
You barely miss the sky beast.
The sky beast is severely wounded.
The sky beast hits you but does no damage.
You hit the sky beast but do no damage.
The sky beast is severely wounded.
The sky beast flickers out of sight!
Deactivating autopickup; reactivate with Ctrl-A.
Something hits you but does no damage.
You closely miss something. Something hits you but does no damage.
You barely miss something. Something hits you but does no damage.
You closely miss something. Something hits you. Something shocks you.
Something hits you but does no damage.
You miss something. Something hits you. Something shocks you.
You miss something. Your headbutt misses something.
Something hits you but does no damage.
You hit something but do no damage. Something hits you but does no damage.
You closely miss something.
A sky beast appears from thin air!
Reactivating autopickup.
The sky beast hits you. The sky beast shocks you.
You closely miss the sky beast.
The sky beast is severely wounded.
The sky beast barely misses you. You furiously retaliate!
You headbutt the sky beast, but do no damage.
The sky beast hits you. The sky beast shocks you.
* * * LOW HITPOINT WARNING * * *
You barely miss the sky beast.
The sky beast is severely wounded.
The sky beast hits you.
* * * LOW HITPOINT WARNING * * *
The sky beast shocks you.
You die...
Your body glows slightly and disappears.

#.#†# #.#.#
##########.#.######
#.................#
..####.#####.####.###
#...............
#.######.###.###
#######.######.##
#...........#..@#
########......<..Y..#
#8# #.###.#...####
...8## #.# #.##.##
....####.# # #.#
...._#.#.# #.#
....##...# #.#
...8####.# #. # #.#


You could see a sky beast.

Vanquished Creatures
  Robin (D:2)
  3 gnolls (D:2)
  An adder (D:2)
  2 dart slugs
  An endoplasm (D:1)
  15 goblins
  7 hobgoblins
  A quokka (D:1)
  8 ball pythons
  7 bats
  3 frilled lizards
  5 kobolds
  3 rats
57 creatures vanquished.

Notes
Turn   | Place    | Note
-------+----------+-------------------------------------------
     0 | D:1      | BinkBink the Minotaur Monk began the quest for the Orb.
     0 | D:1      | Reached XP level 1. HP: 19/19 MP: 0/0
   248 | D:1      | Reached XP level 2. HP: 25/27 MP: 1/1
   391 | D:1      | Reached skill level 1 in Armour
   524 | D:1      | Found a faded altar of an unknown god.
   535 | D:1      | Prayed at the altar of an unknown god.
   535 | D:1      | Became a worshipper of Nemelex Xobeh the Trickster
   535 | D:1      | Reached * piety under Nemelex Xobeh
   535 | D:1      | Received a gift from Nemelex Xobeh
   535 | D:1      | Reached ** piety under Nemelex Xobeh
   748 | D:1      | Reached *** piety under Nemelex Xobeh
   754 | D:1      | Reached XP level 3. HP: 33/33 MP: 2/2
  1063 | D:2      | Received a gift from Nemelex Xobeh
  1252 | D:2      | HP: 1/33 [gnoll (4)]
  1258 | D:2      | Reached XP level 4. HP: 8/41 MP: 3/3
  1641 | D:2      | Received a gift from Nemelex Xobeh
  1833 | D:2      | Killed Robin
  1863 | D:2      | Identified the +0 helmet "Sirchuli" {Harm rN++ Int+4} (You
                  | took it off Robin on level 2 of the Dungeon)
  2294 | D:3      | Found a radiant altar of Vehumet.
  2296 | D:3      | Received a gift from Nemelex Xobeh
  2323 | D:3      | Noticed a sky beast
  2339 | D:3      | Slain by a sky beast

Illustrated notes

Levels and vault maps discovered:
D:1:      kennysheep_arrival_forest, layout_loops_corners,
          chequers_ecumenical_altar_simple_redux
D:2:      layout_basic, minmay_door_square, uniq_robin
D:3:      minmay_spotlight, layout_loops_ring, nicolae_overflow_hidden_temple,
          minmay_quantized, uniq_crazy_yiuf_cottage

Skill      XL: |  1  2  3 |
---------------+----------+-----
Maces & Flails | 4 |  4.6
Armour         | 1 2 |  2.7
Fighting       | 4 |  4.4
Dodging        | |  3.9
Stealth        | |  1.5

Action                   |  1- 3 |  4- 6 || total
-------------------------+-------+-------++-------
Melee: Mace              |    66 |    28 ||    94
       Headbutt          |     6 |     5 ||    11
Invok: Draw Destruction  |     6 |     1 ||     7
  Use: Potion            |     1 |       ||     1
Armor: Ring mail         |    15 |    10 ||    25
Dodge: Dodged            |    64 |    21 ||    85

Table legend: (Time is in decaauts)
 A = Elapsed time spent in this place.
 B = Non-inter-level travel time spent in this place.
 C = Inter-level travel time spent in this place.
 D = Time resting spent in this place.
 E = Time spent auto-exploring this place.
 F = Levels seen in this place.
 G = Mean time per level.
                   A        B        C        D        E       F      G
               +--------+--------+--------+--------+--------+-----+--------+
         Total |   2356 |   2279 |     77 |      0 |   1944 |   3 |  785.3 |
       Dungeon |   2356 |   2279 |     77 |      0 |   1944 |   3 |  785.3 |
               +--------+--------+--------+--------+--------+-----+--------+

Top non-repeatable levels by time:
     D:2: 1171 daAuts
     D:1: 1066 daAuts
     D:3: 118 daAuts
